 Dungeon Crawl Stone Soup version 0.29-a0-998-g1987434951 (webtiles) character file.

Game seed: 11563983187909335180

730 drpainis the Chopper (level 7, -3/61 HPs)
             Began as a Hill Orc Monk on Aug 6, 2022.
             Succumbed to a gnoll's poison
             ... on level 4 of the Dungeon.
             The game lasted 00:09:19 (5739 turns).

drpainis the Chopper (Hill Orc Monk)                Turns: 5739, Time: 00:09:20

Health: -3/61      AC: 10    Str: 16    XL:     7   Next: 73%
Magic:  7/7        EV: 11    Int: 10    God:
Gold:   183        SH:  5    Dex: 13    Spells: 6/6 levels left

rFire   . . .      SeeInvis .   a - +0 hand axe
rCold   . . .      Faith    .   (no shield)
rNeg    . . .      Spirit   .   t - +0 chain mail
rPois   .          Reflect  +   (no helmet)
rElec   .          Harm     .   k - +0 cloak
rCorr   .          Rampage  .   (no gloves)
Will    .....                   (no boots)
Stlth   ..........              n - amulet of reflection
HPRegen 0.20/turn               w - +4 ring of evasion
MPRegen 0.10/turn               (no ring)

@: lethally poisoned (-3 -> -30)
A: no striking features
a: no special abilities


You were on level 4 of the Dungeon.
You visited 1 branch of the dungeon, and saw 4 of its levels.

You collected 183 gold pieces.

Inventory:

Hand Weapons
 a - a +0 hand axe (weapon)
 p - the +6 sling "Tioje" {freeze, Str+4}
   (You found it on level 3 of the Dungeon)

   Any ammunition fired from it freezes those it strikes, dealing additional
   cold damage.
   It can also slow down cold-blooded creatures.
   Str:       It affects your strength (+4).
Armour
 b - a +0 robe
 j - a +0 ring mail
 k - a +0 cloak (worn)
 t - a +0 chain mail (worn)
Jewellery
 n - an amulet of reflection (around neck)
 w - a +4 ring of evasion (left hand)
 x - a ring of protection from fire
Wands
 m - a wand of paralysis (11)
Scrolls
 c - 2 scrolls of enchant armour {unknown}
 d - a scroll of enchant weapon {unknown}
 e - a scroll of noise {unknown}
 f - 4 scrolls of teleportation {unknown}
 g - 4 scrolls of identify {unknown}
 l - a scroll of magic mapping {unknown}
 v - a scroll of fear {unknown}
 y - a scroll of amnesia {unknown}
Potions
 h - a potion of lignification {unknown}
 o - 2 potions of brilliance {unknown}
 q - 3 potions of flight {unknown}
 r - a potion of magic {unknown}
 s - a potion of might {unknown}
 u - a potion of degeneration {unknown}


   Skills:
 + Level 5.5 Fighting
 + Level 6.6 Axes
 + Level 3.0 Ranged Weapons
 + Level 3.2 Armour
 + Level 3.2 Dodging
 + Level 1.9 Stealth
 + Level 2.6 Shields


You had 6 spell levels left.
You didn't know any spells.
Your spell library contained the following spells:

 Spells                   Type           Power      Damage    Failure   Level
 Static Discharge         Conj/Air       0%         3-3/arc   100%        2
 Lightning Bolt           Conj/Air       0%         1d11      100%        5
 Maxwell's Capacitive Co  Air            0%         ∞         100%        8


Dungeon Overview and Level Annotations

Branches:
Dungeon (4/15)
 Temple: D:4-7

Altars:
Gozag
The Shining One

Shops:
D:1 ((??   D:3 *


Message History

The gnoll is moderately wounded.
You hit the scorpion zombie.
You feel very sick.
The scorpion zombie hits you but does no damage.
The gnoll hits you but does no damage.
You are lethally poisoned!
You feel much better.
You feel extremely sick.
The gnoll hits you with a +2 spear of venom.
You are more poisoned.
The scorpion zombie barely misses you.
You hit the gnoll.
The gnoll is heavily wounded.
You completely miss the scorpion zombie.
You feel extremely sick.
The gnoll hits you with a +2 spear of venom!
You are lethally poisoned!
The scorpion zombie hits you.
You hit the gnoll.
The gnoll is almost dead.
You barely miss the scorpion zombie.
You feel extremely sick.
The scorpion zombie completely misses you.
The gnoll hits you with a +2 spear of venom.
* * * LOW HITPOINT WARNING * * *
You are more poisoned.
You closely miss the gnoll.
The gnoll is almost dead.
You hit the scorpion zombie.
* * * LOW HITPOINT WARNING * * *
You feel extremely sick.
The scorpion zombie hits you but does no damage.
The gnoll barely misses you.
You hit the gnoll.
You kill the gnoll!
You hit the scorpion zombie.
* * * LOW HITPOINT WARNING * * *
You feel very sick.
The scorpion zombie hits you but does no damage.
You die...

# # # # # #'################# #
#.......'....'..... #
#.......#)...#..... ..# #
#.......#..@.# ... #'#
.#############''''#############..
.#.............Z)...).........#..
##~~~≈~~~≈~≈~~....~~~≈~≈~~~~~~###
≈≈≈≈≈≈≈≈≈≈≈≈≈~....~≈≈~~≈≈~≈~≈≈≈≈≈
≈≈~~≈~~~~~≈~~~....~~≈~~~~~[~≈~~≈≈
..........)..).....)....)....)...
##.#..######.....########)#######
#.#..# ##.#### ###.#######


You could see a scorpion zombie.

Vanquished Creatures
  A phantom (D:4)
  A water moccasin zombie (D:4)
  A centaur zombie (D:4)
  A bullfrog zombie (D:4)
  3 hounds (D:4)
  An iguana (D:4)
  A scorpion zombie (D:4)
  2 orc wizards (D:4)
  2 hound skeletons (D:4)
  16 gnolls
  An adder (D:4)
  4 adder zombies (D:4)
  2 worms (D:4)
  2 dart slugs (D:1)
  20 orcs
  10 ball pythons
  11 bats
  6 endoplasms
  A giant cockroach (D:2)
  7 goblins
  5 hobgoblins
  12 jackals (D:4)
  2 quokkas
  5 frilled lizards (D:1)
  A jackal zombie (D:4)
  7 kobolds
  7 rats
132 creatures vanquished.

Vanquished Creatures (others)
  4 plants (D:4)
  6 withered plants (D:4)
10 creatures vanquished.

Grand Total: 142 creatures vanquished

Notes
Turn   | Place    | Note
-------+----------+-------------------------------------------
     0 | D:1      | drpainis the Hill Orc Monk began the quest for the Orb.
     0 | D:1      | Reached XP level 1. HP: 19/19 MP: 1/1
    37 | D:1      | Found Ifuyfas's Antique Weapon Boutique.
   362 | D:1      | Reached XP level 2. HP: 22/27 MP: 2/2
   531 | D:1      | Found Rororosh's Magic Scroll Boutique.
   915 | D:1      | Reached XP level 3. HP: 33/33 MP: 3/3
  1073 | D:1      | Found Caginadd's Weapon Shop.
  1097 | D:1      | Found Ciro's Magic Scroll Shop.
  2281 | D:3      | Found a glowing golden altar of the Shining One.
  2433 | D:3      | Identified the +6 sling "Tioje" {freeze, Str+4}
  2486 | D:3      | Found an opulent altar of Gozag.
  2517 | D:3      | Reached XP level 4. HP: 40/41 MP: 4/4
  2519 | D:3      | Reached skill level 5 in Axes
  2911 | D:3      | Found Cisum's General Store.
  3257 | D:4      | Reached XP level 5. HP: 47/47 MP: 5/5
  3272 | D:4      | Reached skill level 1 in Ranged Weapons
  3275 | D:4      | Reached skill level 1 in Armour
  3446 | D:4      | Reached skill level 1 in Shields
  3456 | D:4      | Reached skill level 5 in Fighting
  3469 | D:4      | Reached XP level 6. HP: 56/56 MP: 6/6
  4081 | D:4      | Reached XP level 7. HP: 45/61 MP: 7/7
  4521 | D:4      | Reached skill level 6 in Axes
  5738 | D:4      | HP: 3/61 [poisoned by a gnoll]
  5739 | D:4      | Succumbed to a gnoll's poison

Illustrated notes

Levels and vault maps discovered:
D:1:      psy_arrival_radial02, layout_rooms, serial_shops,
          nicolae_shop_advertising_works [nicolae_subvault_shop_adworks],
          nicolae_diamond_shop, nicolae_shop_statue_plus, shop
D:2:      layout_loops_cross, minmay_misc_feat_rugged, minmay_misc_feat_ornament
D:3:      layout_loops_cross, grunt_gozag_breadcrumbs, lemuel_crystal_altar,
          serial_shops, nicolae_lakefront_shop, roderic_batcave
D:4:      lemuel_castle_with_subvaults [lemuel_castle_interior_carwin_3],
          layout_loops_ring, serial_undead, serial_undead_a, serial_undead_e,
          serial_undead_b, serial_undead_c, serial_undead_f, serial_undead_f,
          serial_undead_a

Skill      XL: |  1  2  3  4  5  6  7 |
---------------+----------------------+-----
Fighting       | 4 5 |  5.5
Axes           | 5 6 |  6.6
Ranged Weapons | 1 3 |  3.0
Armour         | 2 3 |  3.2
Shields        | 1 2 |  2.6
Dodging        | 3 |  3.2
Stealth        | |  1.9

Action                   |  1- 3 |  4- 6 |  7- 9 || total
-------------------------+-------+-------+-------++-------
Melee: Hand axe          |   132 |    76 |   205 ||   413
       Punch             |     1 |     2 |     1 ||     4
 Fire: Sling             |     4 |    92 |       ||    96
Evoke: Wand              |       |       |     1 ||     1
  Use: Potion            |       |     1 |     3 ||     4
 Stab: Sleeping          |     2 |       |       ||     2
Armor: Robe              |    21 |       |       ||    21
       Ring mail         |    29 |    18 |       ||    47
       Chain mail        |       |   173 |    97 ||   270
Dodge: Dodged            |    97 |   151 |    93 ||   341
Block: Other             |       |    60 |    56 ||   116
       Reflection        |       |       |     3 ||     3

Table legend: (Time is in decaauts)
 A = Elapsed time spent in this place.
 B = Non-inter-level travel time spent in this place.
 C = Inter-level travel time spent in this place.
 D = Time resting spent in this place.
 E = Time spent auto-exploring this place.
 F = Levels seen in this place.
 G = Mean time per level.
                   A        B        C        D        E       F      G
               +--------+--------+--------+--------+--------+-----+--------+
         Total |   5815 |   5797 |     18 |    588 |   3680 |   4 | 1453.8 |
       Dungeon |   5815 |   5797 |     18 |    588 |   3680 |   4 | 1453.8 |
               +--------+--------+--------+--------+--------+-----+--------+

Top non-repeatable levels by time:
     D:4: 2288 daAuts
     D:1: 1307 daAuts
     D:3: 1272 daAuts
     D:2: 946 daAuts
